 Dungeon Crawl Stone Soup version 0.31-a0-188-g5e087ee2ca (webtiles) character file.

Game seed: 16277383283965948812

126 qw the Skirmisher (level 4, -5/25 HPs)
             Began as a Deep Elf Hunter on June 22, 2023.
             Slain by a water moccasin (6 damage)
             ... on level 3 of the Dungeon.
             The game lasted 00:00:38 (1328 turns).

qw the Skirmisher (Deep Elf Hunter)                 Turns: 1328, Time: 00:00:38

Health: -5/25      AC:  3    Str: 10    XL:     4   Next: 83%
Magic:  6/6        EV: 12    Int: 14    God:
Gold:   49         SH:  0    Dex: 18    Spells: 3/3 levels left

rFire   . . .        Y - +1 shortbow
rCold   . . .        (shield currently unavailable)
rNeg    . . .        c - +0 leather armour
rPois   .            (no helmet)
rElec   .            (no cloak)
rCorr   .            (no gloves)
SInv    .            (no boots)
Will    .....        (no amulet)
Stlth   ++           (no ring)
HPRegen 0.24/turn    (no ring)
MPRegen 0.10/turn

%: no passive effects
@: no status effects
A: no striking features
a: no special abilities


You were on level 3 of the Dungeon.
You visited 1 branch of the dungeon, and saw 3 of its levels.

You collected 124 gold pieces.
You spent 75 gold pieces at shops.


   Skills:
 - Level 1.5 Fighting
 + Level 8.2 Ranged Weapons
 - Level 2.4 Dodging
 - Level 1.2 Stealth


You had 3 spell levels left.
You didn't know any spells.
Your spell library was empty.

Inventory:

Hand Weapons
 Y - a +1 shortbow (weapon)
Armour
 c - a +0 leather armour (worn)
 d - a +0 ring mail
Scrolls
 f - a scroll of enchant armour {unknown}
 g - 2 scrolls of silence {unknown}
Potions
 a - a potion of attraction {unknown}
 b - a potion of enlightenment {unknown}
 e - 2 potions of curing {unknown}

Dungeon Overview and Level Annotations

Branches:
Dungeon (3/15)

Altars:
Ru

Shops:
D:2 ?


Message History

Found 5 gold pieces.
Enter note:
Enter note:
Enter note:
Enter note: You shoot an arrow.
The arrow hits the water moccasin!
The water moccasin is moderately wounded.
You shoot an arrow.
The arrow completely misses the water moccasin.
You shoot an arrow.
The arrow barely misses the water moccasin.
The water moccasin closely misses you.
You shoot an arrow. The arrow hits the water moccasin.
The water moccasin is heavily wounded.
The water moccasin bites you.
You shoot an arrow.
The arrow hits the water moccasin but does no damage.
The water moccasin is heavily wounded.
The water moccasin bites you! The water moccasin closely misses you.
You shoot an arrow. The arrow misses the water moccasin.
The water moccasin bites you.
You shoot an arrow.
The arrow closely misses the water moccasin.
The water moccasin barely misses you.
You shoot an arrow.
The arrow barely misses the water moccasin.
The water moccasin barely misses you. The water moccasin bites you.
You shoot an arrow.
The arrow closely misses the water moccasin.
The water moccasin bites you.
You shoot an arrow. The arrow hits the water moccasin.
The water moccasin is severely wounded.
The water moccasin bites you. The water moccasin barely misses you.
You shoot an arrow.
The arrow closely misses the water moccasin.
The water moccasin barely misses you.
You shoot an arrow. The arrow hits the water moccasin.
The water moccasin is severely wounded.
The water moccasin bites you.
You die...

##########.###
#....####<.#.
####...###.#. ###...>...
#.#########..
#.....######. .
######......#.
...$###+###.....#####...
.......@.(#[...%# ####
......S#........#
###...$####.....# #....
#.....# #.... #.....#
#.... #.....# #####
#.....# #.....# #######


You could see a water moccasin.

Vanquished Creatures
  A scorpion (D:2)
  An adder (D:2)
  2 dart slugs
  9 bats
  4 endoplasms
  2 giant cockroaches
  7 goblins
  8 hobgoblins
  3 kobolds
  3 quokkas
  5 ball pythons
  5 frilled lizards
  4 rats
54 creatures vanquished.

Notes
Turn   | Place    | Note
-------+----------+-------------------------------------------
     0 | D:1      | qw the Deep Elf Hunter began the quest for the Orb.
     0 | D:1      | Reached XP level 1. HP: 12/12 MP: 3/3
     0 | D:1      | 0 ||| qw: Version: 0.3-a-9-g12657ce
     0 | D:1      | 0 ||| qw: Game counter: 3007
     0 | D:1      | 0 ||| qw: Always use a shield: true
     0 | D:1      | 0 ||| qw: God list: Okawaru
     0 | D:1      | 0 ||| qw: Allow faded altars: false
     0 | D:1      | 0 ||| qw: Do Orc after D:15 true
     0 | D:1      | 0 ||| qw: Do second Lair branch before Depths: true
     0 | D:1      | 0 ||| qw: Lair rune preference: random
     0 | D:1      | 0 ||| qw: Plans: Normal
     0 | D:1      | 0 ||| PLANNING D:1-11
   125 | D:1      | Reached XP level 2. HP: 16/16 MP: 4/4
   135 | D:1      | Reached skill level 6 in Ranged Weapons
   561 | D:1      | Reached XP level 3. HP: 20/20 MP: 5/5
   656 | D:1      | 656 ||| READING scroll labelled BEUTISSAEL.
   657 | D:1      | 657 ||| READING scroll labelled GECKIA IDALE.
   662 | D:1      | 662 ||| READING scroll labelled XOGRAXI DIYRA.
   663 | D:1      | 663 ||| READING scroll labelled XUTOQI PIOPTE.
   664 | D:1      | 664 ||| DROPPING scroll of butterflies.
   687 | D:2      | Noticed a scorpion
   689 | D:2      | Killed a scorpion
   690 | D:2      | Reached skill level 7 in Ranged Weapons
   690 | D:2      | Reached XP level 4. HP: 25/25 MP: 6/6
   901 | D:2      | Reached skill level 8 in Ranged Weapons
   944 | D:2      | Found Vig Neim's Magic Scroll Shop.
   950 | D:2      | 950 ||| SHOPLISTING scroll of acquirement (520 gold, have
                  | 91).
   950 | D:2      | 950 ||| BUYING scroll of enchant weapon (75 gold).
   950 | D:2      | Bought a scroll of enchant weapon for 75 gold pieces
   950 | D:2      | 950 ||| SHOPLISTING scroll of identify (20 gold, have 16).
   950 | D:2      | 950 ||| SHOPLISTING scroll of teleportation (30 gold, have
                  | 16).
   950 | D:2      | 950 ||| READING scroll of enchant weapon.
   950 | D:2      | 950 ||| ENCHANTING +0 shortbow.
  1101 | D:2      | 1101 ||| READING scroll labelled NOKAAM SITHOF.
  1152 | D:3      | Found a sacrificial altar of Ru.
  1316 | D:3      | Noticed a water moccasin
  1325 | D:3      | HP: 6/25 [water moccasin (3)]
  1326 | D:3      | HP: 1/25 [water moccasin (5)]
  1328 | D:3      | Slain by a water moccasin

Levels and vault maps discovered:
D:1:      tarquinn_simple_flora_water_e, layout_basic
D:2:      layout_rooms, serial_shops, shop
D:3:      layout_rooms, nicolae_vehumet_altar_sigil,
          mainiacjoe_overflow_24_doors, serial_shops, nicolae_shop_behind_doors

Skill      XL: |  1  2  3  4 |
---------------+-------------+-----
Ranged Weapons | 6 7 8 |  8.2
Fighting       | |  1.5
Dodging        | |  2.4
Stealth        | |  1.2

Action                     |  1- 3 |  4- 6 || total
---------------------------+-------+-------++-------
   Fire: Shortbow          |    77 |    69 ||   146
    Use: Scroll            |     4 |     2 ||     6
 Armour: Leather armour    |     7 |     5 ||    12
  Dodge: Dodged            |    18 |    16 ||    34

Table legend:
 A = Non-vault XP
 B = Vault XP
 C = Vault XP percentage of total XP
 D = Non-vault monster count
 E = Vault monster count
 F = Vault count percentage of total count
                 A         B        C        D         E       F
            +---------+---------+-------+---------+---------+-------
      Total |     180 |       0 |   0.0 |      54 |       0 |   0.0
            +---------+---------+-------+---------+---------+-------
        D:1 |      49 |       0 |   0.0 |      28 |       0 |   0.0
        D:2 |     122 |       0 |   0.0 |      20 |       0 |   0.0
        D:3 |       9 |       0 |   0.0 |       6 |       0 |   0.0
            +---------+---------+-------+---------+---------+-------
